 Dungeon Crawl Stone Soup version 0.28-a0-533-g9f97627e2a (webtiles) character file.

Game seed: 7069511552673122214

7 Rennog the Ducker (level 1, 0/11 HPs)
             Began as a Spriggan Fighter on Sept 26, 2021.
             Slain by a hobgoblin (4 damage)
             ... on level 1 of the Dungeon.
             The game lasted 00:01:15 (331 turns).

Rennog the Ducker (Spriggan Fighter)                 Turns: 331, Time: 00:01:15

Health: 0/11       AC:  2    Str: 12    XL:     1   Next: 91%
Magic:  2/2        EV: 17    Int:  9    God:
Gold:   8          SH:  6    Dex: 14    Spells: 0/0 levels left

rFire   . . .      SeeInvis +   a - +0 rapier
rCold   . . .      Faith    .   c - +0 buckler
rNeg    . . .      Spirit   .   b - +0 robe
rPois   .          Reflect  .   (helmet restricted)
rElec   .          Harm     .   (no cloak)
rCorr   .          Rampage  .   (gloves unavailable)
Will    .....                   (boots unavailable)
Stlth   ++........              (no amulet)
HPRegen 0.03/turn               (no ring)
MPRegen 0.08/turn               (no ring)

@: very quick
A: very small, no large weapons, unfitting armour, see invisible, speed 3
a: no special abilities


You were on level 1 of the Dungeon.
You visited 1 branch of the dungeon, and saw 1 of its levels.

You collected 8 gold pieces.

Inventory:

Hand Weapons
 a - a +0 rapier (weapon)
Armour
 b - a +0 robe (worn)
 c - a +0 buckler (worn)
Scrolls
 f - 2 scrolls of identify {unknown}
Potions
 d - a potion of might
 e - a potion of lignification {unknown}
 g - a potion of degeneration {unknown}


   Skills:
 + Level 2.5 Fighting
 - Level 2.1 Short Blades
 * Level 4.3 Dodging
 + Level 1.1 Stealth
 - Level 2.1 Shields


You couldn't memorise any spells.
You didn't know any spells.
Your spell library was empty.

Dungeon Overview and Level Annotations

Branches:
Dungeon (1/15)

Altars:


Innate Abilities, Weirdness & Mutations

You are very small and have problems with some larger weapons.
You are too small for most types of armour.
You have supernaturally acute eyesight. (SInv)
You cover ground extremely quickly. (Speed+++)


Message History

You hit the kobold but do no damage.
The kobold hits you with a +0 short sword.
You block the kobold's attack.
You hit the kobold but do no damage. You block the kobold's attack.
You hit the kobold but do no damage. The kobold closely misses you.
You barely miss the kobold. The kobold hits you but does no damage.
You hit the kobold.
The kobold is moderately wounded.
The kobold completely misses you.
You hit the kobold.
You kill the kobold!
No target in view!
No target in view!
HP restored.
You see here a +0 short sword.
A kobold comes into view. It is wielding a +0 dagger.
A kobold is nearby!
A kobold is nearby!
A kobold is nearby!
A hobgoblin comes into view.
The hobgoblin shouts!
The kobold shouts!
Found a ring mail.
The hobgoblin completely misses you.
You hit the hobgoblin.
The hobgoblin is almost dead.
The hobgoblin hits you.
You barely miss the hobgoblin.
The hobgoblin is severely wounded.
The hobgoblin misses you.
You closely miss the hobgoblin.
The hobgoblin is severely wounded.
The hobgoblin completely misses you. The kobold barely misses you.
The hobgoblin misses you.
You closely miss the hobgoblin.
The hobgoblin is severely wounded.
The kobold misses you. The hobgoblin hits you.
You closely miss the hobgoblin.
The hobgoblin is severely wounded.
The kobold hits you with a +0 dagger. The hobgoblin hits you.
You die...

#############
#...........#########
..##.##................#
......g@........######.#
......K#######..# #.#
###.... ##..######.#
#..... ## #..........#
....... . #)#######..#
.#..[.# #.#.# #..# ##...
#.#.# #... ##.. #...#
#... #.#.# #...


You could see a hobgoblin and a kobold.

Vanquished Creatures
  2 ball pythons (D:1)
  3 kobolds (D:1)
  A quokka (D:1)
6 creatures vanquished.

Notes
Turn   | Place    | Note
-------+----------+-------------------------------------------
     0 | D:1      | Rennog the Spriggan Fighter began the quest for the Orb.
     0 | D:1      | Reached XP level 1. HP: 11/11 MP: 2/2
   159 | D:1      | Reached skill level 1 in Stealth
   331 | D:1      | Slain by a hobgoblin

Illustrated notes

Levels and vault maps discovered:
D:1:      amcnicky_arrival_blooded_trapdoor, layout_loops_ring

Skill      XL: |  1 |
---------------+----+-----
Stealth        | 1 |  1.1
Fighting       | |  2.5
Short Blades   | |  2.1
Dodging        | |  4.3
Shields        | |  2.1

Action                   || total
-------------------------++-------
Melee: Rapier            ||    24
 Stab: Sleeping          ||     1
Armor: Robe              ||     1
Dodge: Dodged            ||    16
Block: Buckler           ||     6

Table legend: (Time is in decaauts)
 A = Elapsed time spent in this place.
 B = Non-inter-level travel time spent in this place.
 C = Inter-level travel time spent in this place.
 D = Time resting spent in this place.
 E = Time spent auto-exploring this place.
 F = Levels seen in this place.
 G = Mean time per level.
                   A        B        C        D        E       F      G
               +--------+--------+--------+--------+--------+-----+--------+
         Total |    251 |    251 |      0 |      0 |    201 |   1 |  251.0 |
       Dungeon |    251 |    251 |      0 |      0 |    201 |   1 |  251.0 |
               +--------+--------+--------+--------+--------+-----+--------+

Top non-repeatable levels by time:
     D:1: 251 daAuts
